General information
- name: BNet
- type: Ladder 1vs1/FFA
- host: Battle.net
- saver: BEAR_AND
map: TerenasStand
- players: 2
- length: 86:52
- speed: Fast
- version: 1.28 W3XP
- replay type:

» download(290 KB)
Players
team 1 (winner)
BEAR_AND (
blue | 140 APM | 12182 actions | 86:52)
10 Blademaster
3 Wind Walk
3 Critical Strike
1 Bladestorm
3 Mirror Image
8 Tauren Chieftain
3 Shockwave
3 Endurance Aura
1 Reincarnation
1 War Stomp
» actions
| Assign group hotkey | 27 | |
| Basic commands | 28 | |
| Build / train | 126 | |
| Enter build submenu | 51 | |
| Enter hero's abilities submenu | 19 | |
| Give item / drop item | 19 | |
| Remove unit from queue | 17 | |
| Right click | 9032 | |
| Select / deselect | 1225 | |
| Select group hotkey | 969 | |
| Use ability | 667 | |
12182 total
» units
| Peon | 23 | |
| Troll Batrider | 3 | |
| Troll Witch Doctor | 4 | |
| Wind Rider | 4 | |
| Raider | -2 | |
32 total
» upgrades
| Ranged Weapons | 2 | |
| Witch Doctor Training | 2 | |
| Armor | 1 | |
| Liquid Fire | 1 | |
| Ensnare | 1 | |
| Envenomed Spears | 1 | |
8 total
» buildings
| Altar of Storms | 1 | |
| Orc Burrow | 5 | |
| War Mill | 1 | |
| Voodoo Lounge | 1 | |
| Watch Tower | 82 | |
| Stronghold | 2 | |
| Fortress | 1 | |
| Spirit Lodge | 1 | |
| Beastiary | 1 | |
| Great Hall | 2 | |
97 total
» build order
00:11 Altar of Storms
00:24 Orc Burrow
00:54 War Mill
01:20 Voodoo Lounge
02:09 Watch Tower
02:36 Watch Tower
03:08 Watch Tower
03:36 Stronghold
03:37 Stronghold
04:13 Watch Tower
04:31 Orc Burrow
04:46 Watch Tower
05:03 Orc Burrow
05:25 Watch Tower
05:26 Watch Tower
06:36 Fortress
08:17 Watch Tower
08:18 Watch Tower
09:07 Spirit Lodge
09:11 Beastiary
10:34 Watch Tower
10:36 Watch Tower
11:45 Watch Tower
11:45 Watch Tower
11:46 Watch Tower
11:47 Watch Tower
11:48 Watch Tower
11:48 Watch Tower
11:49 Watch Tower
11:50 Watch Tower
13:12 Great Hall
13:15 Watch Tower
13:16 Watch Tower
13:16 Watch Tower
13:17 Watch Tower
17:44 Watch Tower
17:45 Watch Tower
17:46 Watch Tower
17:46 Watch Tower
17:47 Watch Tower
17:48 Watch Tower
17:48 Watch Tower
21:41 Great Hall
21:43 Watch Tower
21:44 Watch Tower
21:44 Watch Tower
21:45 Watch Tower
21:46 Watch Tower
21:46 Watch Tower
21:47 Watch Tower
21:48 Watch Tower
21:49 Watch Tower
21:50 Watch Tower
21:50 Watch Tower
21:51 Watch Tower
21:51 Watch Tower
21:52 Watch Tower
21:53 Watch Tower
21:53 Watch Tower
23:16 Watch Tower
23:17 Watch Tower
23:17 Watch Tower
23:18 Watch Tower
23:18 Watch Tower
26:15 Watch Tower
26:16 Watch Tower
26:16 Watch Tower
27:57 Watch Tower
27:58 Watch Tower
27:59 Watch Tower
30:50 Watch Tower
30:51 Watch Tower
32:53 Watch Tower
32:54 Watch Tower
32:55 Watch Tower
37:57 Watch Tower
37:58 Watch Tower
37:58 Watch Tower
37:59 Watch Tower
38:00 Watch Tower
38:00 Watch Tower
38:01 Watch Tower
38:02 Watch Tower
38:03 Watch Tower
38:03 Watch Tower
43:29 Orc Burrow
45:16 Watch Tower
45:17 Watch Tower
45:17 Watch Tower
45:17 Watch Tower
45:18 Watch Tower
45:19 Watch Tower
45:19 Watch Tower
45:20 Watch Tower
45:20 Watch Tower
45:21 Watch Tower
61:53 Orc Burrow
» items
| Healing Salve | 9 | |
| Lesser Clarity Potion | 17 | |
| Staff of Teleportation | 2 | |
| Boots of Speed | 4 | |
| Orb of Lightning | 2 | |
| Potion of Healing | 4 | |
| Potion of Mana | 2 | |
40 total
team 2 (loser)

»
ctht (
pink | 41 APM | 3587 actions | 86:51)
6 Far Seer
3 Feral Spirit
2 Chain Lighting
1 Earth Quake
4 Tauren Chieftain
2 Shockwave
2 Endurance Aura
4 Shadow Hunter
2 Hex
2 Healing Wave
» actions
| Assign group hotkey | 79 | |
| Basic commands | 46 | |
| Build / train | 168 | |
| Enter build submenu | 70 | |
| Enter hero's abilities submenu | 14 | |
| Give item / drop item | 9 | |
| Remove unit from queue | 2 | |
| Right click | 1373 | |
| Select / deselect | 1029 | |
| Select group hotkey | 473 | |
| Use ability | 324 | |
3587 total
» units
| Peon | 40 | |
| Grunt | 4 | |
| Goblin Shredder | 1 | |
| Tauren | 13 | |
| Spirit Walker | 6 | |
| Demolisher | 2 | |
| Raider | 9 | |
| Troll Witch Doctor | 6 | |
| Shaman | 4 | |
| Kodo Beast | 2 | |
87 total
» upgrades
| Berserker Strength | 1 | |
| Melee Weapons | 2 | |
| Armor | 3 | |
| Spirit Walker Training | 2 | |
| Pulverize | 1 | |
| Ensnare | 1 | |
| Reinforced Defenses | 1 | |
| Witch Doctor Training | 2 | |
| Shaman Training | 2 | |
| Burning Oil | 1 | |
| Pillage | 1 | |
| Spiked Barricades | 1 | |
| War Drums Damage Increase | 1 | |
| Liquid Fire | 1 | |
| Berserker Upgrade | 1 | |
21 total
» buildings
| Altar of Storms | 1 | |
| Orc Burrow | 7 | |
| Barracks | 2 | |
| Voodoo Lounge | 3 | |
| Stronghold | 1 | |
| War Mill | 1 | |
| Fortress | 1 | |
| Great Hall | 3 | |
| Spirit Lodge | 2 | |
| Tauren Totem | 1 | |
| Beastiary | 2 | |
| Watch Tower | 42 | |
66 total
» build order
00:08 Altar of Storms
00:20 Orc Burrow
01:22 Barracks
01:41 Voodoo Lounge
01:56 Orc Burrow
03:06 Stronghold
04:08 War Mill
04:13 Orc Burrow
06:16 Fortress
06:28 Great Hall
06:47 Spirit Lodge
08:30 Orc Burrow
09:15 Tauren Totem
09:30 Great Hall
12:05 Beastiary
12:39 Spirit Lodge
13:39 Orc Burrow
15:49 Orc Burrow
17:54 Watch Tower
17:57 Watch Tower
17:59 Watch Tower
18:01 Watch Tower
18:07 Watch Tower
18:09 Watch Tower
18:11 Watch Tower
18:14 Watch Tower
18:59 Watch Tower
19:00 Watch Tower
19:12 Watch Tower
19:25 Watch Tower
19:27 Watch Tower
19:31 Watch Tower
20:01 Watch Tower
20:03 Watch Tower
20:26 Watch Tower
20:38 Watch Tower
20:47 Watch Tower
21:33 Watch Tower
21:34 Watch Tower
21:35 Watch Tower
21:40 Watch Tower
21:42 Watch Tower
22:06 Voodoo Lounge
23:41 Orc Burrow
23:45 Watch Tower
23:46 Watch Tower
23:48 Watch Tower
24:52 Watch Tower
25:18 Watch Tower
27:11 Voodoo Lounge
30:42 Watch Tower
30:49 Watch Tower
30:51 Watch Tower
32:09 Great Hall
33:23 Watch Tower
33:25 Watch Tower
34:46 Beastiary
35:18 Watch Tower
36:03 Watch Tower
36:05 Watch Tower
38:41 Watch Tower
38:43 Watch Tower
46:42 Watch Tower
46:43 Watch Tower
51:53 Watch Tower
53:45 Barracks
» items
| Lesser Clarity Potion | 16 | |
| Healing Salve | 7 | |
| Dust of Appearance | 3 | |
| Scroll of Speed | 2 | |
| Orb of Lightning | 1 | |
| Potion of Healing | 2 | |
| Periapt of Vitality | 4 | |
| Boots of Speed | 2 | |
| Potion of Lesser Invulnerability | 2 | |
39 total
Chat log
(00:13 / All) BEAR_AND: hi
(26:25 / All) BEAR_AND: gg
(31:42 / All) ctht: gg?
(31:44 / All) BEAR_AND: gg
(33:47 / All) BEAR_AND: lol
(43:18 / All) ctht: lol
(43:25 / All) BEAR_AND: hehe
(43:33 / All) ctht: you lose
(43:36 / All) BEAR_AND: are you sure
(43:40 / All) ctht: don't waste our time
(43:48 / All) ctht: where are you come from?
(43:53 / All) BEAR_AND: toronto canada
(44:00 / All) ctht: great
(44:06 / All) ctht: u toronto is very good
(48:44 / All) ctht: you are wasting our time
(48:48 / All) BEAR_AND: i'm having fun
(59:03 / All) BEAR_AND: hehe
(59:10 / All) ctht: why are you doing this?
(59:15 / All) BEAR_AND: fun gameplay
(59:24 / All) ctht: you could have won
(59:28 / All) BEAR_AND: i have won
(73:55 / All) ctht: come on
(75:00 / All) BEAR_AND: gg
(75:05 / All) ctht: sucker
(75:08 / All) ctht: come on
(75:11 / All) ctht: idiot
(75:15 / All) BEAR_AND: haha are you mad
(75:19 / All) BEAR_AND: where are you from?
(75:21 / All) ctht: come and get me
(75:27 / All) ctht: dare you?
(75:31 / All) BEAR_AND: absolutely
(76:20 / All) BEAR_AND: from?
(76:51 / All) BEAR_AND: excuse me
(76:59 / All) BEAR_AND: i'm trying to have a friendly chat here
(77:09 / All) ctht: us
(77:11 / All) BEAR_AND: cool
(77:45 / All) BEAR_AND: out of gold???
(78:01 / All) ctht: why are u having so many gold?
(78:04 / All) BEAR_AND: cmon man you had 3 goldmines
(78:10 / All) BEAR_AND: 4 actually lol
(78:58 / All) BEAR_AND: level 10 lol
(79:15 / All) BEAR_AND: so how long have you been playing war3?
(79:27 / All) ctht: couple of years
(79:39 / All) BEAR_AND: that's cool
(79:44 / All) BEAR_AND: good game huh
(79:56 / All) ctht: i am not good at this race
(80:00 / All) ctht: i use human
(80:04 / All) BEAR_AND: same here
(80:50 / All) ctht: i should have waited and let you attacked me
(81:00 / All) ctht: then no one can win
(81:04 / All) BEAR_AND: i always win
(81:14 / All) ctht: in that case you can't
(81:19 / All) ctht: i have tower too
(81:23 / All) BEAR_AND: you had like 8 towers
(81:37 / All) BEAR_AND: btw my longest game was 18 hours
(81:39 / All) ctht: but my troops are under the tower
(81:46 / All) BEAR_AND: are you Up To Tha Challenge?
(81:48 / All) ctht: that way will take us forever to play this game
(84:29 / All) BEAR_AND: i love to take forever
(86:02 / All) BEAR_AND: the classic game of warcraft 3 has once again come to an end
(86:18 / All) BEAR_AND: nobody wants to lose but somebody always does
(86:44 / All) BEAR_AND: goodnight
(86:49 / All) BEAR_AND: https://highper.ch/